 Dungeon Crawl Stone Soup version 0.24.1-5-g77f818bfca (webtiles) character file.

Game seed: 430622444445470510, levelgen mode: deterministic

681 Peloso the Slasher (level 7, -1/55 HPs)
             Began as a Demonspawn Fighter on Apr 25, 2020.
             Succumbed to a killer bee's poison
             ... on level 4 of the Dungeon.
             The game lasted 00:07:30 (3214 turns).

Peloso the Slasher (Demonspawn Fighter)             Turns: 3214, Time: 00:07:31

Health: -1/55      AC: 12    Str: 18    XL:     7   Next: 34%
Magic:  7/7        EV:  5    Int: 15    God:
Gold:   167        SH:  9    Dex: 12    Spells: 6/6 levels left

rFire    . . .     SeeInvis .   a - +0 long sword
rCold    . . .     Gourm    .   c - +0 shield
rNeg     . . .     Faith    .   k - +0 chain mail
rPois    .         Spirit   .   (no helmet)
rElec    .         Reflect  .   (no cloak)
rCorr    .         Harm     .   j - +0 pair of gloves
MR       .....                  (no boots)
Stlth    ..........             (no amulet)
HPRegen  0.18/turn              q - +5 ring of intelligence
MPRegen  0.10/turn              (no ring)

@: lethally poisoned (-1 -> -18), very slightly contaminated, invisible
A: icy blue scales 1, spiny 1
a: no special abilities


You were on level 4 of the Dungeon.
You were hungry.

You visited 1 branch of the dungeon, and saw 4 of its levels.

You collected 167 gold pieces.

Inventory:

Hand Weapons
 a - a +0 long sword (weapon)
Armour
 c - a +0 shield (worn)
 h - a +0 scale mail
 j - a +0 pair of gloves (worn)
 k - a +0 chain mail (worn)
Jewellery
 q - a +5 ring of intelligence (left hand)
Wands
 g - a wand of clouds (5)
Scrolls
 e - 3 scrolls of blinking
 i - a scroll of fog
 l - a scroll of identify
 n - a scroll of enchant armour
 r - 2 scrolls of remove curse
Potions
 b - a potion of agility
 d - a potion of might
Comestibles
 f - 8 rations


   Skills:
 + Level 4.3 Fighting
 + Level 4.7 Long Blades
 + Level 4.6 Armour
 + Level 1.0 Dodging
 + Level 0.3 Stealth
 + Level 4.0 Shields


You had 6 spell levels left.
You didn't know any spells.
Your spell library was empty.

Dungeon Overview and Level Annotations

Branches:
Dungeon (4/15)
 Temple: D:4-7

Altars:
Fedhas
Sif Muna
Vehumet
Wu Jian
Xom
Zin


Innate Abilities, Weirdness & Mutations

You are partially covered in icy blue scales. (AC +2)
You are partially covered in sharp spines.


Message History

The killer bee is severely wounded.
* * * LOW HITPOINT WARNING * * *
You feel very sick.
The killer bee is struck by your spines.
You kill the killer bee!
It was a potion of invisibility.
You fade into invisibility!
* * * LOW HITPOINT WARNING * * *
You feel sick.
You are very lightly contaminated with residual magic.
Okay, then.
* * * LOW HITPOINT WARNING * * *
You feel sick.
* * * LOW HITPOINT WARNING * * *
You feel sick.
* * * LOW HITPOINT WARNING * * *
You feel sick.
* * * LOW HITPOINT WARNING * * *
You feel sick.
You die...

########## #.....†..#
#.######.#######
#........##########
#........†.........
#..#####.########## #
#.@# #.#
####.#####..#####.#
................#.#
######
#####.......###.#.#
#.....
+...........†.#####.....
#.......###.#...........
######..# #.#.#####.....
#......# #.#...# ...
#.####.# #.#.#########.


There were no monsters in sight!

Vanquished Creatures
  8 killer bees
  A howler monkey (D:4)
  An orc priest (D:3)
  A bullfrog skeleton (D:4)
  2 worker ants (D:4)
  3 gnolls (D:3)
  8 adders
  An ooze (D:3)
  An adder skeleton (D:4)
  3 worms
  4 dart slugs
  3 leopard geckos
  2 orcs (D:3)
  2 giant cockroaches
  7 goblins
  4 hobgoblins
  7 jackals
  7 kobolds
  2 quokkas
  10 bats
  2 frilled lizards
  3 rats
82 creatures vanquished.

Notes
Turn   | Place    | Note
-------+----------+-------------------------------------------
     0 | D:1      | Peloso the Demonspawn Fighter began the quest for the Orb.
     0 | D:1      | Reached XP level 1. HP: 18/18 MP: 1/1
   137 | D:1      | Gained mutation: You are partially covered in sharp spines.
                  | [demonic ancestry]
   137 | D:1      | Reached XP level 2. HP: 7/24 MP: 2/2
   879 | D:2      | Reached XP level 3. HP: 20/29 MP: 3/3
  1249 | D:2      | Gained mutation: You are partially covered in icy blue
                  | scales. (AC +2) [demonic ancestry]
  1249 | D:2      | Reached XP level 4. HP: 35/35 MP: 4/4
  1279 | D:2      | Found a radiant altar of Vehumet.
  1280 | D:2      | Found an ornate altar of the Wu Jian Council.
  1282 | D:2      | Found a shimmering altar of Xom.
  1704 | D:3      | Found a faded altar of an unknown god.
  1815 | D:3      | Reached XP level 5. HP: 28/41 MP: 5/5
  1855 | D:3      | Found a blossoming altar of Fedhas.
  1855 | D:3      | Found a shimmering blue altar of Sif Muna.
  1855 | D:3      | Found a shimmering altar of Xom.
  1855 | D:3      | Found a shimmering blue altar of Sif Muna.
  1855 | D:3      | Found a glowing silver altar of Zin.
  1855 | D:3      | Found a blossoming altar of Fedhas.
  2252 | D:2      | Reached XP level 6. HP: 19/48 MP: 6/6
  2861 | D:3      | Reached skill level 1 in Dodging
  3098 | D:4      | Reached XP level 7. HP: 54/54 MP: 7/7
  3213 | D:4      | HP: 1/55 [poisoned by a killer bee]
  3214 | D:4      | Succumbed to a killer bee's poison

Levels and vault maps discovered:
D:1:      minmay_arrival_stone_box, layout_loops_ring
D:2:      layout_loops_cross, grunt_temple_overflow_open
D:3:      layout_basic, chequers_ecumenical_altar_twisty, eino_tiny_chamber,
          doesnt_xom_only_xom
D:4:      layout_basic, gammafunk_temple_overflow_wave, first_ration

Skill      XL: |  1  2  3  4  5  6  7 |
---------------+----------------------+-----
Long Blades    | 2 3 4 |  4.7
Armour         | 3 4 |  4.6
Shields        | 3 4 |  4.0
Dodging        | 1 |  1.0
Fighting       | 4 |  4.3
Stealth        | |  0.3

Action                   |  1- 3 |  4- 6 |  7- 9 || total
-------------------------+-------+-------+-------++-------
Melee: Long sword        |    66 |   128 |    21 ||   215
       Spear             |     1 |       |       ||     1
  Use: Potion            |       |     3 |     1 ||     4
       Scroll            |       |     8 |       ||     8
  Eat: Chunk             |     1 |     6 |       ||     7
Armor: Scale mail        |    25 |       |       ||    25
       Chain mail        |    17 |    80 |    11 ||   108
Dodge: Dodged            |    17 |    26 |     2 ||    45
Block: Shield            |    35 |    76 |     9 ||   120
       Rpst.: Long sword |     6 |     9 |       ||    15
